 Dungeon Crawl Stone Soup version 0.24-a0-378-g94936e539c (webtiles) character file.

Game seed: 4547882255107680529

25 HAL9000 the Sneak (level 3, 0/27 HPs)
             Began as a Vine Stalker Assassin on June 2, 2019.
             Succumbed to an orc wizard's poison
             ... on level 2 of the Dungeon.
             The game lasted 00:01:04 (1249 turns).

HAL9000 the Sneak (Vine Stalker Assassin)           Turns: 1249, Time: 00:01:05

Health: 0/27       AC: 21    Str: 14    XL:     3   Next: 6%
Magic:  2/3        EV:  2    Int: 11    God:
Gold:   53         SH:  0    Dex: 15    Spells: 2/2 levels left

rFire    . . .     SeeInvis .   a - +2 dagger
rCold    . . .     Gourm    .   (no shield)
rNeg     + + +     Faith    .   (armour currently unavailable)
rPois    +         Spirit   +   (helmet currently unavailable)
rElec    .         Reflect  .   (cloak currently unavailable)
rCorr    .         Harm     .   (gloves currently unavailable)
MR       .....     NoTele   +   (boots currently unavailable)
Stlth    +++.......             (no amulet)
HPRegen  0.09/turn              (no ring)
MPRegen  0.08/turn              (no ring)

@: lethally poisoned (0 -> -11), tree-form
A: low mp 1, magic shield, no potion heal 3, rot immunity, MP-powered wands
a: no special abilities


You were on level 2 of the Dungeon.
You were not hungry.
You were a tree.
You visited 1 branch of the dungeon, and saw 2 of its levels.

You collected 53 gold pieces.

Inventory:

Hand Weapons
 a - a +2 dagger (weapon)
Missiles
 d - 16 poisoned darts (quivered)
 e - 2 curare-tipped darts
 m - 6 atropa-tipped darts
Armour
 b - a +0 robe (melded)
 c - a +0 cloak (melded)
 l - a +0 helmet
Scrolls
 g - a scroll of blinking {unknown}
 h - 2 scrolls of magic mapping {unknown}
 j - a scroll of random uselessness {unknown}
 k - 2 scrolls of identify {unknown}
 n - a scroll of noise {unknown}
Comestibles
 f - 5 rations
 o - 2 chunks of flesh


   Skills:
 - Level 1.7 Fighting
 + Level 3.1 Short Blades
 - Level 1.7 Throwing
 - Level 0.7 Dodging
 - Level 4.8 Stealth


You had 2 spell levels left.
You didn't know any spells.
Your spell library was empty.

Dungeon Overview and Level Annotations

Branches:
Dungeon (2/15)

Altars:
Okawaru
Sif Muna
Vehumet


Innate Abilities, Weirdness & Mutations

((You have extremely sharp teeth.))
When hurt, damage is shared between your health and your magic reserves.
((Your bite disrupts and absorbs the magic of your enemies.))
Potions cannot restore your health.
You are immune to rotting.
((You have a pair of small horns on your head.))
Your magical capacity is low. (-10% MP)
You expend magic power (3 MP) to strengthen your wands.


Message History

* * * LOW HITPOINT WARNING * * *
You feel sick.
It was a potion of mutation.
You feel extremely strange.
You feel less energetic.
You feel your magical essence link to your wands.
A pair of horns grows on your head!
Your +0 helmet falls away!
* * * LOW HITPOINT WARNING * * *
You feel sick.
It was a potion of lignification.
You turn into a tree.
Your +0 cloak melds into your body.
Your +0 robe melds into your body.
Your roots penetrate the ground.
* * * LOW HITPOINT WARNING * * *
You feel sick.
The hobgoblin hits you but does no damage.
Unknown command.
* * * LOW HITPOINT WARNING * * *
You feel sick.
The hobgoblin hits you but does no damage.
You die...

....## .. ......## #.
##....##.# .......# #.
#..._....# #.# ...# #.
#........### #.#
#.#######. (..........
..# #......... ....8.)..#
#.# #.######## .......).#
#.#####.####
#?_..._)######..........#
.........oog♣.>########.#
###...########.# #.# ####
#.# #.# ### #.# #.# #..
#.# #.# #.#
#.########.###.#
#..............#
##########.^.... #######


You could see an orc wizard, an orc and a hobgoblin.

Vanquished Creatures
  A dart slug (D:2)
  3 orcs (D:2)
  3 ball pythons (D:1)
  A bat (D:1)
  3 goblins
  3 hobgoblins (D:1)
  A quokka (D:2)
  2 frilled lizards (D:2)
  A kobold (D:2)
18 creatures vanquished.

Notes
Turn   | Place    | Note
-------+----------+-------------------------------------------
     0 | D:1      | HAL9000 the Vine Stalker Assassin began the quest for the
                  | Orb.
     0 | D:1      | Reached XP level 1. HP: 11/11 MP: 2/2
   315 | D:1      | Reached XP level 2. HP: 11/15 MP: 3/3
  1226 | D:2      | Found a radiant altar of Vehumet.
  1230 | D:2      | Found an iron altar of Okawaru.
  1231 | D:2      | Found a deep blue altar of Sif Muna.
  1234 | D:2      | Reached XP level 3. HP: 18/18 MP: 4/4
  1246 | D:2      | Gained mutation: Your magical capacity is low. (-10% MP)
                  | [potion of mutation]
  1246 | D:2      | Gained mutation: You expend magic power (3 MP) to
                  | strengthen your wands. [potion of mutation]
  1246 | D:2      | Gained mutation: You have a pair of small horns on your
                  | head. [potion of mutation]
  1248 | D:2      | HP: 1/27 [poisoned by an orc wizard]
  1249 | D:2      | Succumbed to an orc wizard's poison

Levels and vault maps discovered:
D:1:      dpeg_arrival_boxorama, layout_loops_corners,
          kennysheep_decorative_pillar
D:2:      layout_loops_ring, grunt_temple_overflow_open, ashenzari_altar_1,
          first_ration, uniq_natasha

Skill      XL: |  1  2 |
---------------+-------+-----
Short Blades   | 2 3 |  3.1
Fighting       | |  1.7
Throwing       | |  1.7
Dodging        | |  0.7
Stealth        | |  4.8

Action                   || total
-------------------------++-------
Melee: Dagger            ||    35
       Bite              ||     7
  Use: Potion            ||     2
 Stab: Sleeping          ||     8
  Eat: Chunk             ||     1
Armor: Robe              ||     5
       Skin              ||     1
Dodge: Dodged            ||    12

Table legend:
 A = Non-vault XP
 B = Vault XP
 C = Vault XP percentage of total XP
 D = Non-vault monster count
 E = Vault monster count
 F = Vault count percentage of total count
                 A         B        C        D         E       F
            +---------+---------+-------+---------+---------+-------
      Total |      37 |       0 |   0.0 |      18 |       0 |   0.0
            +---------+---------+-------+---------+---------+-------
        D:1 |      15 |       0 |   0.0 |       8 |       0 |   0.0
        D:2 |      22 |       0 |   0.0 |      10 |       0 |   0.0
            +---------+---------+-------+---------+---------+-------
